 Dungeon Crawl Stone Soup version 0.21.1-1-g345015f (webtiles) character file.

307 microfolk the Changer (level 6, -5/51 HPs)
             Began as a Draconian Transmuter on May 12, 2018.
             Was an Initiate of Okawaru.
             Splashed by Ijyb's acid (14 damage)
             ... on level 4 of the Dungeon.
             The game lasted 00:08:52 (4602 turns).

microfolk the Changer (Draconian Transmuter)        Turns: 4602, Time: 00:08:54

Health: -5/51      AC:  2    Str: 13    XL:     6   Next: 16%
Magic:  4/9        EV: 19    Int: 15    God:    Okawaru [......]
Gold:   158        SH:  0    Dex: 16    Spells: 3/9 levels left

rFire    . . .     SeeInvis .     - Unarmed
rCold    . . .     Gourm    .   (shield currently unavailable)
rNeg     . . .     Faith    .   (armour unavailable)
rPois    x         Spirit   .   (helmet currently unavailable)
rElec    .         Reflect  .   (cloak currently unavailable)
rCorr    .         Harm     .   (gloves currently unavailable)
MR       .....                  (boots currently unavailable)
Stlth    +.........             (no amulet)
HPRegen  0.17/turn              (no ring)
MPRegen  0.11/turn              (no ring)

@: spider-form (expiring), very slightly contaminated
A: tiny, unfitting armour, AC +6
a: End Transformation, Renounce Religion


You were on level 4 of the Dungeon.
You worshipped Okawaru.
Okawaru was noncommittal.
You were not hungry.
You were a venomous arachnid creature.
You visited 1 branch of the dungeon, and saw 4 of its levels.

You collected 158 gold pieces.

Inventory:

Hand Weapons
 b - a +0 hunting sling (melded)
Missiles
 a - 66 arrows
 g - 85 sling bullets
 i - 8 tomahawks (quivered)
 n - 151 stones
 s - 21 poisoned needles
Armour
 l - a +0 cloak
Jewellery
 j - a cursed ring of teleportation {unknown}
 u - an uncursed ring of positive energy {unknown}
Wands
 t - a wand of acid (12)
Scrolls
 e - 4 scrolls of teleportation
 f - 2 scrolls of random uselessness {unknown}
 h - 2 scrolls of fear
 o - a scroll of immolation
 p - 2 scrolls of magic mapping
 v - 2 scrolls of identify
Potions
 d - 6 potions of haste
 k - a potion of heal wounds
 q - a potion of berserk rage
 r - a potion of cancellation {unknown}
Books
 m - a book of Changes

   Spells                             Type                      Level
   a - Beastly Appendage              Transmutation                1
   b - Sticks to Snakes               Transmutation                2
   c - Spider Form                    Transmutation/Poison         3
   d - Ice Form                       Ice/Transmutation            4
   e - Blade Hands                    Transmutation                5
Comestibles
 c - 10 rations
 w - a chunk of flesh


   Skills:
 + Level 3.4 Fighting
 - Level 1.7 Dodging
 + Level 4.2 Unarmed Combat
 - Level 2.0 Spellcasting
 * Level 4.8 Transmutations


You had 3 spell levels left.
You knew the following spells:

 Your Spells              Type           Power        Failure   Level  Hunger
a - Beastly Appendage     Tmut           ###...       11%         1    #......
b - Sticks to Snakes      Tmut           ###.....     14%         2    ###....
c - Spider Form           Tmut/Pois      #.........   45%         3    ###....


Dungeon Overview and Level Annotations

Branches:
Dungeon (4/15)
 Temple: D:4-7

Altars:
Okawaru

Annotations:
D:2 exclusion: downstairs
D:3 exclusion: 2 downstairs, Aelig's ghost, novice KoAr
D:4 Ijyb


Innate Abilities, Weirdness & Mutations

((Your plain brown scales are hard. (AC +6)))
You cannot fit into any form of body armour.
((You are cold-blooded and may be slowed by cold attacks.))


Message History

Ijyb is moderately wounded.
Your transformation is almost over.
Ijyb closely misses you.
Some of the chunks of flesh in your inventory have rotted away.
You hit Ijyb.
Ijyb is moderately wounded.
Ijyb hits you with a dagger.
You closely miss Ijyb.
Ijyb is moderately wounded.
You are no longer corroded.
Ijyb completely misses you.
You closely miss Ijyb.
Ijyb is heavily wounded.
Ijyb misses you.
You hit Ijyb.
Ijyb looks as sick as possible!
Ijyb is heavily wounded.
Ijyb zaps a wand.
The bolt of acid hits you!
* * * LOW HITPOINT WARNING * * *
You are splashed with acid!
The acid burns!
You die...

#.## #.#.## ##...[...##
...##########....####.........###
....................'.........'..
...##########....####.........###
#.## #...## ##.......## #.# #...#
##.....## #.## ##.## ##...## #
#..# #.####### ##'## ## ##.#
#.gs....# #.# #. #.# #.#####.#
#.# #. ##.# #.# ##.## #[ .#.# #..
##...## ## .#.# #... #.....# #
.#.# #.##. ##....## ...# #.# g.
.......#.#### .### #..
....#####...... .# #.# ## #######


You could see Ijyb.

Vanquished Creatures
  An ogre (D:4)
  A scorpion (D:3)
  2 orc wizards (D:3)
  A worker ant (D:4)
  3 adders (D:3)
  4 dart slugs
  3 worms
  2 leopard geckos (D:3)
  3 orcs (D:3)
  3 bats
  5 giant cockroaches
  13 goblins
  11 hobgoblins
  3 quokkas
  A ball python (D:3)
  3 frilled lizards
  2 kobolds (D:2)
  5 rats
66 creatures vanquished.

Notes
Turn   | Place    | Note
-------+----------+-------------------------------------------
     0 | D:1      | microfolk the Draconian Transmuter began the quest for the Orb.
     0 | D:1      | Reached XP level 1. HP: 16/16 MP: 3/3
   451 | D:1      | Reached XP level 2. HP: 23/23 MP: 1/5
   455 | D:1      | Learned a level 2 spell: Sticks to Snakes
  1309 | D:2      | Reached XP level 3. HP: 26/29 MP: 4/6
  1314 | D:2      | Learned a level 3 spell: Spider Form
  1637 | D:2      | Found an iron altar of Okawaru.
  1648 | D:2      | Became a worshipper of Warmaster Okawaru
  2278 | D:3      | Found a glowing drain.
  2295 | D:3      | Reached XP level 4. HP: 24/36 MP: 3/7
  3100 | D:3      | Reached XP level 5. HP: 40/42 MP: 1/8
  3538 | D:3      | Noticed Aelig's ghost (novice KoAr)
  3943 | D:4      | Noticed an ogre
  4280 | D:4      | Noticed an ogre
  4389 | D:4      | Killed an ogre
  4389 | D:4      | Reached XP level 6. HP: 51/51 MP: 4/9
  4583 | D:4      | Noticed Ijyb
  4602 | D:4      | Splashed by Ijyb's acid

Skill      XL: |  1  2  3  4  5 |
---------------+----------------+-----
Transmutations | 3 4 |  4.8
Fighting       | 2 3 |  3.4
Unarmed Combat | 4 |  4.2
Dodging        | |  1.7
Spellcasting   | |  2.0

Action                   |  1- 3 |  4- 6 || total
-------------------------+-------+-------++-------
Melee: Unarmed           |   133 |    80 ||   213
       Tailslap          |    11 |     3 ||    14
       Kick              |    14 |     4 ||    18
       Headbutt          |     3 |     2 ||     5
       Punch             |     1 |       ||     1
 Fire: Hunting sling     |    21 |    24 ||    45
 Cast: Beastly Appendage |    22 |     3 ||    25
       Spider Form       |     1 |     7 ||     8
       Sticks to Snakes  |       |     7 ||     7
  Use: Scroll            |     3 |     4 ||     7
       Potion            |       |     1 ||     1
  Eat: Chunk             |     5 |     9 ||    14
Armor: Skin              |    29 |     6 ||    35
Dodge: Dodged            |    87 |    48 ||   135
